 Dungeon Crawl Stone Soup version 0.16.2 (webtiles) character file.

165 tognito the Skirmisher (level 5, -7/72 HPs)
             Began as a Minotaur Berserker on Aug 13, 2015.
             Was a Priest of Trog.
             Mangled by a gnoll
             ... wielding a +0 spear
              (8 damage)
             ... on level 3 of the Dungeon.
             The game lasted 00:11:46 (1658 turns).

tognito the Skirmisher (Minotaur Berserker)         Turns: 1658, Time: 00:11:47

Health: -7/72      AC:  5    Str: 28    XL:     5   Next: 21%
Magic:  2/2        EV: 12    Int:  8    God:    Trog [***...]
Gold:   106        SH:  0    Dex:  9    Spells: 0 memorised, 4 levels left

rFire  . . .     SeeInvis .     a - +0 hand axe
rCold  . . .     Clarity  +     l - +0 ring mail
rNeg   . . .     SustAb   .     (no shield)
rPois  .         Gourm    .     (helmet restricted)
rElec  .         Spirit   .     (no cloak)
rCorr  .         Warding  .     (no gloves)
rMut   .         Stasis   .     (no boots)
MR     .....                    f - amulet of clarity
Stlth  ..........               (no ring)
                                e - +4 ring of intelligence

@: berserking, lethally poisoned (-7 -> -9), very quick, not resistant to
hostile enchantments, extremely unstealthy
A: retaliatory headbutt, horns 2
a: Burn Spellbooks, Berserk, Trog's Hand, Renounce Religion


You were on level 3 of the Dungeon.
You worshipped Trog.
Trog was most pleased with you.
You were hungry.

You visited 1 branch of the dungeon, and saw 3 of its levels.

You collected 106 gold pieces.

Inventory:

Hand weapons
 a - a +0 hand axe (weapon)
 b - a +0 hunting sling
Missiles
 m - 10 arrows of dispersal
 n - 20 bolts
 o - 22 arrows
Armour
 k - a +0 animal skin
 l - a +0 ring mail (worn)
 p - a pearl dragon hide
Jewellery
 e - a +4 ring of intelligence (left hand)
 f - an amulet of clarity (around neck)
Scrolls
 d - 3 scrolls of remove curse {unknown}
 g - 2 scrolls of fog {unknown}
 h - 3 scrolls of identify {unknown}
Comestibles
 c - 5 bread rations
 i - a meat ration


   Skills:
 + Level 5.0 Fighting
 + Level 4.3 Axes
 + Level 2.2 Slings
 + Level 2.8 Armour
 + Level 3.3 Dodging
 + Level 0.3 Stealth


You had 4 spell levels left.
You didn't know any spells.

Dungeon Overview and Level Annotations

Branches:
Dungeon (3/15)

Altars:
Cheibriados
Dithmenos
Qazlal
Ru
Trog
Vehumet
Zin


Innate Abilities, Weirdness & Mutations

You reflexively headbutt those who attack you in melee.
You have a pair of horns on your head.


Message History

You slash the gnoll!
The gnoll is severely wounded.
You feel sick.
The gnoll hits you from afar with a spear.
* * * LOW HITPOINT WARNING * * *
The gnoll barely misses you.
You hit the gnoll. You headbutt the gnoll.
You kill the gnoll!
Trog accepts your kill. The gnoll closely misses you.
You slash the orc!
The orc is severely wounded.
* * * LOW HITPOINT WARNING * * *
You feel sick. The gnoll barely misses you.
You slash the orc!
You feel the power of Trog in you as your rage grows.
You kill the orc!
Trog accepts your kill.
The gnoll hits you from afar with a spear!
You die...

#.#......####...#......
#.#.####.# #...#......
#.#.# #.# #...#.....[
#.#.####.####...#......
#.#............<#......
.#.####)########......
#.# #......
....######(##############
.......o@).†.....#
......o.)(.......#
.......g(.......#
#......((.......#
########........ #.......
#######


You could see an orc priest, a gnoll and an orc.

Vanquished Creatures
  Ijyb (D:2)
  Jessica (D:2)
  3 gnolls (D:3)
  3 adders (D:2)
  4 worms
  4 giant geckos
  2 orcs (D:3)
  7 bats
  A giant cockroach (D:2)
  6 goblins
  4 hobgoblins
  3 jackals (D:3)
  2 giant newts
  4 kobolds
  3 rats
48 creatures vanquished.

Notes
Turn   | Place    | Note
--------------------------------------------------------------
     0 | D:1      | tognito, the Minotaur Berserker, began the quest for the Orb.
     0 | D:1      | Reached XP level 1. HP: 19/19 MP: 1/1
   424 | D:2      | Reached skill level 4 in Axes
   447 | D:2      | Reached XP level 2. HP: 27/27 MP: 1/1
   520 | D:2      | Reached XP level 3. HP: 24/33 MP: 2/2
   522 | D:2      | Acquired Trog's second power
   723 | D:2      | Found a snail-covered altar of Cheibriados.
   730 | D:2      | Found a stormy altar of Qazlal.
   732 | D:2      | Found a glowing silver altar of Zin.
   885 | D:2      | Noticed Ijyb
   892 | D:2      | Killed Ijyb
   892 | D:2      | Reached skill level 1 in Slings
   972 | D:2      | Reached XP level 4. HP: 41/41 MP: 2/2
  1002 | D:2      | Noticed Jessica
  1007 | D:2      | Killed Jessica
  1332 | D:3      | Found a radiant altar of Vehumet.
  1333 | D:3      | Found a shadowy altar of Dithmenos.
  1344 | D:3      | Reached skill level 5 in Fighting
  1390 | D:3      | Found a sacrificial altar of Ru.
  1390 | D:3      | Found a bloodstained altar of Trog.
  1640 | D:3      | Reached XP level 5. HP: 42/48 MP: 2/2
  1654 | D:3      | HP: 1/72 [gnoll/spear (3)]
  1658 | D:3      | Mangled by a gnoll

Action                   |  1- 3 |  4- 6 || total
-------------------------+-------+-------++-------
Melee: Hand axe          |    39 |    33 ||    72
       Unarmed           |     1 |       ||     1
 Fire: Hunting sling     |    19 |    23 ||    42
Invok: Berserk           |       |     1 ||     1
  Use: Potion            |     3 |     1 ||     4
  Eat: Chunk             |       |     2 ||     2
